 Dungeon Crawl Stone Soup version 0.20.1-1-g8b1a95d (webtiles) character file.

76 Romulous the Covered (level 4, 40/40 HPs)
             Began as a Minotaur Fighter on Oct 14, 2017.
             Got out of the dungeon alive.
             The game lasted 00:11:56 (2056 turns).

Romulous the Covered (Minotaur Fighter)             Turns: 2056, Time: 00:11:56

Health: 40/40      AC:  9    Str: 21    XL:     4   Next: 12%
Magic:  3/3        EV:  8    Int:  5    God:
Gold:   20         SH:  6    Dex: 10    Spells: 3/3 levels left

rFire    . . .     SeeInvis .   a - +0 war axe
rCold    . . .     Gourm    .   b - +2 buckler
rNeg     . . .     Faith    .   g - +0 chain mail
rPois    .         Spirit   .   (helmet restricted)
rElec    .         Reflect  .   (no cloak)
rCorr    .         Harm     .   (no gloves)
MR       .....                  (no boots)
Stlth    ..........             (no amulet)
Regen    0.2/turn               (no ring)
MPRegen  0.1/turn               (no ring)

@: no status effects
A: retaliatory headbutt, horns 2
a: no special abilities


You escaped.
You were hungry.

You visited 1 branch of the dungeon, and saw 2 of its levels.

You collected 20 gold pieces.

Inventory:

Hand Weapons
 a - a +0 war axe (weapon)
Armour
 b - a +2 buckler (worn)
 c - a +0 shield
 g - a +0 chain mail (worn)
Jewellery
 p - a cursed ring of loudness {unknown}
Wands
 l - a wand of confusion (34/48)
Scrolls
 e - a scroll of fog {unknown}
 h - a scroll of random uselessness {unknown}
 m - a scroll of enchant weapon {unknown}
Potions
 d - a potion of might
 i - a potion of curing {unknown}
 j - a potion of berserk rage {unknown}
 k - a potion of heal wounds {unknown}
 o - a potion of haste {unknown}
Comestibles
 f - a bread ration
 n - a meat ration


   Skills:
 + Level 3.9 Fighting
 + Level 3.1 Axes
 + Level 4.6 Armour
 + Level 0.9 Dodging
 + Level 4.3 Shields


You had 3 spell levels left.
You didn't know any spells.

Dungeon Overview and Level Annotations

Branches:
Dungeon (2/15)

Altars:
Cheibriados
Elyvilon
Nemelex Xobeh
Sif Muna


Innate Abilities, Weirdness & Mutations

You reflexively headbutt those who attack you in melee.
You have a pair of horns on your head.


Message History

Things that are here:
a club; a goblin corpse All of the chunks of flesh in your inventory have rotted away.
There is a stone staircase leading up here.
You can't go down here!
You climb upwards.
There is a stone staircase leading down here.
A frilled lizard comes into view.
The frilled lizard hisses angrily.
The frilled lizard bites you but does no damage.
The frilled lizard bites you but does no damage.
The frilled lizard bites you. The frilled lizard barely misses you.
You furiously retaliate!
You headbutt the frilled lizard, but do no damage.
There is a staircase leading out of the dungeon here.
You slash the frilled lizard!
You kill the frilled lizard!
You can't go down here!
Are you sure you want to leave the Dungeon?
This will make you lose the game!
You have escaped!

.#.......# #.#....# #.#.#
...####### #.#.....##.#.#
#.### #.#.....##.#.#
#...# #.#.....##.#..
#.#.# ###.##...##...##
#.#.# #...######.....#
#.#.# #.#.# #..)... #.#.#
######..### #....(# #.#.#
##..†@#....## ##...##
....########.....#.....##
##..#
..####....#.....###.....#
#..# ..# #.####.....#
#.....## #..#
..####.###.....##
##.....# #..#
......)..#.....# #.....#
#..# .#####.###.....#
#.....# #..# .#
#.....#.....##
##.....####..# .#
#.....##.....#
#.....##.....#


There were no monsters in sight!

Vanquished Creatures
  An adder (D:2)
  An ooze (D:1)
  A worm (D:2)
  4 dart slugs (D:1)
  3 leopard geckos
  2 bats
  A giant cockroach (D:1)
  6 hobgoblins
  8 kobolds
  6 frilled lizards
  8 goblins
  7 rats
48 creatures vanquished.

Notes
Turn   | Place    | Note
-------+----------+-------------------------------------------
     0 | D:1      | Romulous the Minotaur Fighter began the quest for the Orb.
     0 | D:1      | Reached XP level 1. HP: 19/19 MP: 0/0
    97 | D:1      | Reached XP level 2. HP: 27/27 MP: 1/1
   495 | D:1      | Reached XP level 3. HP: 27/33 MP: 2/2
  1505 | D:2      | Found a white marble altar of Elyvilon.
  1562 | D:2      | Reached XP level 4. HP: 40/40 MP: 3/3
  1630 | D:2      | Found a deep blue altar of Sif Muna.
  1739 | D:2      | Found a sparkling altar of Nemelex Xobeh.
  1741 | D:2      | Found a snail-covered altar of Cheibriados.
  2056 | D:$      | Got out of the dungeon alive.

Skill      XL: |  1  2  3 |
---------------+----------+-----
Armour         | 4 |  4.6
Shields        | 4 |  4.3
Axes           | 3 |  3.1
Fighting       | |  3.9
Dodging        | |  0.9

Action                   |  1- 3 |  4- 6 || total
-------------------------+-------+-------++-------
Melee: War axe           |    96 |    14 ||   110
       Headbutt          |    13 |       ||    13
  Eat: Chunk             |     2 |     1 ||     3
Armor: Scale mail        |    16 |       ||    16
       Chain mail        |    33 |    12 ||    45
Dodge: Dodged            |    35 |     6 ||    41
Block: Shield            |    41 |       ||    41
       Buckler           |    13 |     4 ||    17
